 Dungeon Crawl Stone Soup version 0.29.0-4-gdea44cf6ec (webtiles) character file.

Game seed: 2904323752470333154

5695 qw the Cleaver (level 10, -3/132 HPs)
             Began as a Minotaur Berserker on Sept 9, 2022.
             Was a Priest of Trog.
             Slain by a vampire (11 damage)
             ... on level 11 of the Dungeon.
             The game lasted 00:02:47 (10005 turns).

qw the Cleaver (Minotaur Berserker)                Turns: 10005, Time: 00:02:48

Health: -3/132     AC: 16    Str: 26    XL:     10   Next: 47%
Magic:  0/9        EV:  9    Int:  4    God:    Trog [***...]
Gold:   134        SH:  0    Dex: 16    Spells: 9/9 levels left

rFire   . . .      SeeInvis +   b - +1 war axe
rCold   . . .      Faith    .   (no shield)
rNeg    . . .      Spirit   +   i - +0 plate armour
rPois   .          Reflect  .   (helmet restricted)
rElec   .          Harm     .   t - scarf {repulsion}
rCorr   .          Rampage  .   q - +2 pair of gloves
Will    .....                   (no boots)
Stlth   ..........              a - amulet of guardian spirit
HPRegen 0.32/turn               f - ring of see invisible
MPRegen 0.11/turn               e - +6 ring of dexterity

@: berserking, repel missiles, very quick
A: horns 2, retaliatory headbutt
a: Renounce Religion, Berserk, Trog's Hand


You were on level 11 of the Dungeon.
You worshipped Trog.
Trog was most pleased with you.
You visited 1 branch of the dungeon, and saw 10 of its levels.

You collected 414 gold pieces.
You spent 280 gold pieces at shops.


Innate Abilities, Weirdness & Mutations

You have a pair of horns on your head.
You reflexively headbutt those who attack you in melee.


   Skills:
 - Level 8.0 Fighting
 + Level 14.9 Axes
 - Level 3.9 Throwing
 - Level 7.0 Armour
 - Level 4.2 Dodging


You had 9 spell levels left.
You didn't know any spells.
Your spell library was empty.

Inventory:

Hand Weapons
 b - a +1 war axe (weapon)
 d - a +0 morningstar
Missiles
 r - 6 boomerangs (quivered)
Armour
 i - a +0 plate armour (worn)
 m - a +0 pair of boots
 q - a +2 pair of gloves (worn)
 s - a +0 cloak
 t - a scarf of repulsion (worn)
Jewellery
 a - an amulet of guardian spirit (around neck)
 e - a +6 ring of dexterity (right hand)
 f - a ring of see invisible (left hand)
Scrolls
 h - a scroll of identify
 p - a scroll of teleportation
Potions
 c - 2 potions of haste
 g - 4 potions of might
 j - a potion of cancellation {unknown}
 k - a potion of magic {unknown}
 l - a potion of heal wounds
 n - 8 potions of curing

Dungeon Overview and Level Annotations

Branches:
Dungeon (9/15)             Temple (0/1) D:6            Lair (0/5) D:9
    Orc: D:9-12

Altars:
Fedhas
Qazlal
Vehumet

Shops:
D:3 *   D:8 *


Message History

The red ugly thing is severely wounded.
You hit the vampire but do no damage. The red ugly thing gores you.
You are engulfed in flames!
The vampire hits you!
The vampire bites you but does no damage.
You hit the red ugly thing.
Your headbutt misses the red ugly thing.
The red ugly thing is severely wounded.
You hit the vampire but do no damage.
The red ugly thing gores you but does no damage.
You closely miss the red ugly thing.
The red ugly thing is severely wounded.
You hit the vampire. The vampire casts a spell at you.
You resist with some effort.
You hit the red ugly thing but do no damage.
The red ugly thing is severely wounded.
You slash the vampire! The red ugly thing gores you!
You are engulfed in flames!
The vampire hits you but does no damage.
The vampire bites you but does no damage.
10002 ||| INVOKING Berserk.
A red film seems to cover your vision as you go berserk!
You feel yourself moving faster!
You feel mighty! The red ugly thing gores you.
You are engulfed in flames!
The vampire closely misses you.
The vampire bites you but does no damage.
You slice the red ugly thing!! You headbutt the red ugly thing.
You feel the power of Trog in you as your rage grows.
You kill the red ugly thing!
Trog accepts your kill.
You hit the vampire. The vampire draws life force from you!
The vampire is healed by the life force!
You barely miss the vampire.
The vampire is lightly damaged.
You hit the vampire. Your headbutt misses the vampire.
Your punch misses the vampire.
The vampire is lightly damaged.
The vampire hits you!
You die...

.# .## .(( !. $#
##.# #.V# # #@#
#.#.# # #.#.####.#
#. #........#
.############.######
> ...#.........# #.
..#.######### #.
#.#.# ###.##.#.#


You could see a vampire.

Vanquished Creatures
  Harold (D:9)
  Pikel (D:6)
  An ugly thing (D:11)
  A hornet (D:7)
  Grinder (D:5)
  A wyvern (D:8)
  A wraith (D:9)
  2 steam dragons
  3 water moccasins
  An ice beast (D:5)
  2 orc warriors
  2 black bears (D:5)
  3 ogres
  A lemure (D:6)
  A kobold brigand (D:9)
  Blork the orc (D:5)
  2 necrophages (D:6)
  A gnoll sergeant (D:6)
  2 scorpions (D:5)
  3 bullfrogs
  13 wights
  3 killer bees (D:9)
  A howler monkey (D:6)
  A jelly (D:6)
  4 orc priests
  3 hounds
  Terence (D:3)
  4 iguanas
  5 orc wizards
  9 gnolls
  7 adders
  A shadow imp (D:6)
  A white imp (D:6)
  2 ufetubi
  A worm (D:2)
  A dart slug (D:2)
  30 orcs
  11 bats
  5 endoplasms
  4 giant cockroaches
  3 goblins
  6 hobgoblins
  3 jackals (D:2)
  2 quokkas
  9 ball pythons
  A frilled lizard (D:3)
  8 kobolds
  9 rats
179 creatures vanquished.

Notes
Turn   | Place    | Note
-------+----------+-------------------------------------------
     0 | D:1      | qw the Minotaur Berserker began the quest for the Orb.
     0 | D:1      | Reached XP level 1. HP: 19/19 MP: 0/0
     0 | D:1      | 0 ||| qw: Version: 0.1-a-113-g051387a
     0 | D:1      | 0 ||| qw: Game counter: 6950
     0 | D:1      | 0 ||| qw: Always use a shield: true
     0 | D:1      | 0 ||| qw: Do Orc after D:15 true
     0 | D:1      | 0 ||| qw: Do second Lair branch before Depths: true
     0 | D:1      | 0 ||| qw: Lair rune preference: random
     0 | D:1      | 0 ||| qw: Plans: Normal
     0 | D:1      | 0 ||| PLANNING D:1-11
    63 | D:1      | Reached skill level 4 in Axes
   101 | D:1      | Found a faded altar of an unknown god.
   186 | D:1      | Reached XP level 2. HP: 26/26 MP: 1/1
   676 | D:1      | 676 ||| UPGRADING to ring of see invisible.
   677 | D:1      | 677 ||| DRINKING 2 bubbling purple potions.
   678 | D:1      | 678 ||| DRINKING 2 white potions.
   679 | D:1      | 679 ||| DROPPING potion of attraction.
   700 | D:2      | 700 ||| STAIRDANCE
   764 | D:2      | Reached ** piety under Trog
   919 | D:2      | Reached skill level 5 in Axes
  1018 | D:2      | Reached XP level 3. HP: 31/31 MP: 2/2
  1059 | D:2      | 1059 ||| INVOKING Berserk.
  1660 | D:2      | 1660 ||| UPGRADING to +0 ring mail.
  1670 | D:2      | 1670 ||| DROPPING +0 animal skin.
  1671 | D:2      | 1671 ||| UPGRADING to +0 chain mail.
  1681 | D:2      | 1681 ||| DROPPING +0 ring mail.
  1682 | D:2      | 1682 ||| READING 2 scrolls labelled ASTAPT ACVEZO.
  1814 | D:2      | 1814 ||| READING scroll labelled QAILAO VUEREKO.
  1815 | D:2      | 1815 ||| READING 2 scrolls labelled KEP ZAEFEIG.
  1816 | D:2      | 1816 ||| DROPPING scroll of torment.
  1817 | D:2      | 1817 ||| DROPPING scroll of blinking.
  1922 | D:3      | Reached skill level 6 in Axes
  1922 | D:3      | Reached XP level 4. HP: 39/39 MP: 3/3
  1981 | D:3      | Noticed Terence
  1985 | D:3      | 1985 ||| INVOKING Berserk.
  1989 | D:3      | Killed Terence
  2127 | D:3      | 2127 ||| Stepping ~*~*~tactically~*~*~ (stealth).
  2128 | D:3      | 2128 ||| Stepping ~*~*~tactically~*~*~ (stealth).
  2129 | D:3      | 2129 ||| Stepping ~*~*~tactically~*~*~ (stealth).
  2171 | D:3      | 2171 ||| Stepping ~*~*~tactically~*~*~ (stealth).
  2172 | D:3      | 2172 ||| Stepping ~*~*~tactically~*~*~ (stealth).
  2247 | D:3      | Found Nebur's Assorted Antiques.
  2264 | D:3      | 2264 ||| SHOPLISTING dented peridot amulet (120 gold, have
                  | 76).
  2264 | D:3      | 2264 ||| BUYING inky potion (21 gold).
  2264 | D:3      | Bought an inky potion for 21 gold pieces
  2264 | D:3      | 2264 ||| BUYING inky potion (21 gold).
  2264 | D:3      | Bought an inky potion for 21 gold pieces
  2264 | D:3      | 2264 ||| SHOPLISTING pair of polished gloves (228 gold,
                  | have 34).
  2264 | D:3      | 2264 ||| BUYING scroll labelled MURIZY DAOHUE (24 gold).
  2264 | D:3      | Bought a scroll labelled MURIZY DAOHUE for 24 gold pieces
  2264 | D:3      | 2264 ||| SHOPLISTING scroll labelled PONGAC KAP (24 gold,
                  | have 10).
  2264 | D:3      | 2264 ||| SHOPLISTING scroll labelled TOM JOED SUMAHU (24
                  | gold, have 10).
  2264 | D:3      | 2264 ||| SHOPLISTING silvery potion (21 gold, have 10).
  2527 | D:3      | 2527 ||| Stepping ~*~*~tactically~*~*~ (stealth).
  2574 | D:3      | 2574 ||| READING scroll labelled TOTWASO MIHA.
  2575 | D:3      | 2575 ||| READING scroll labelled PONGAC KAP.
  2576 | D:3      | 2576 ||| READING scroll labelled ILEESEICZOI.
  2577 | D:3      | 2577 ||| READING scroll labelled MURIZY DAOHUE.
  2578 | D:3      | 2578 ||| DRINKING 3 inky potions.
  2579 | D:3      | 2579 ||| DRINKING 2 black potions.
  2580 | D:3      | 2580 ||| DRINKING 3 blue potions.
  2581 | D:3      | 2581 ||| DROPPING 2 potions of degeneration.
  2582 | D:3      | 2582 ||| DROPPING potion of invisibility.
  2583 | D:3      | 2583 ||| Stepping randomly (stuck).
  2584 | D:3      | 2584 ||| Stepping ~*~*~tactically~*~*~ (cloud).
  2809 | D:4      | 2809 ||| Stepping ~*~*~tactically~*~*~ (stealth).
  2811 | D:4      | 2811 ||| Stepping ~*~*~tactically~*~*~ (stealth).
  2815 | D:4      | 2815 ||| Stepping ~*~*~tactically~*~*~ (hiding).
  2819 | D:4      | 2819 ||| INVOKING Berserk.
  2830 | D:4      | Reached skill level 7 in Axes
  2830 | D:4      | Reached XP level 5. HP: 45/45 MP: 4/4
  2885 | D:4      | 2885 ||| SWAPPING to +0 war axe.
  2886 | D:4      | 2886 ||| DROPPING +0 whip.
  2887 | D:4      | 2887 ||| DROPPING +1 hand axe.
  3123 | D:4      | 3123 ||| INVOKING Berserk.
  3314 | D:4      | Found a stormy altar of Qazlal.
  3462 | D:4      | 3462 ||| Stepping ~*~*~tactically~*~*~ (stealth).
  3463 | D:4      | 3463 ||| Stepping ~*~*~tactically~*~*~ (stealth).
  3787 | D:4      | 3787 ||| UPGRADING to +6 ring of dexterity.
  3788 | D:4      | 3788 ||| READING scroll labelled LOHI SINOELOIR.
  3813 | D:5      | Entered Level 5 of the Dungeon
  3831 | D:5      | Noticed an ice beast
  3832 | D:5      | 3832 ||| Stepping ~*~*~tactically~*~*~ (hiding).
  3833 | D:5      | 3833 ||| Stepping ~*~*~tactically~*~*~ (hiding).
  3835 | D:5      | 3835 ||| INVOKING Berserk.
  3846 | D:5      | Killed an ice beast
  3847 | D:5      | Reached skill level 8 in Axes
  3847 | D:5      | Reached XP level 6. HP: 37/52 MP: 5/5
  4000 | D:5      | 4000 ||| Stepping ~*~*~tactically~*~*~ (stealth).
  4004 | D:5      | 4004 ||| Stepping ~*~*~tactically~*~*~ (stealth).
  4033 | D:5      | Noticed Grinder
  4034 | D:5      | 4034 ||| INVOKING Trog's Hand.
  4036 | D:5      | 4036 ||| INVOKING Berserk.
  4040 | D:5      | Killed Grinder
  4041 | D:5      | Reached skill level 9 in Axes
  4041 | D:5      | Reached XP level 7. HP: 59/59 MP: 6/6
  4203 | D:5      | Reached skill level 1 in Throwing
  4259 | D:5      | HP: 15/61 [poisoned by a water moccasin]
  4589 | D:5      | 4589 ||| INVOKING Berserk.
  4593 | D:5      | Reached skill level 3 in Armour
  4735 | D:5      | Noticed Blork the orc
  4736 | D:5      | 4736 ||| INVOKING Berserk.
  4741 | D:5      | Killed Blork the orc
  4873 | D:5      | Reached skill level 10 in Axes
  4923 | D:5      | Reached XP level 8. HP: 69/69 MP: 7/7
  4950 | D:5      | 4950 ||| Stepping ~*~*~tactically~*~*~ (stealth).
  4955 | D:5      | 4955 ||| INVOKING Berserk.
  4960 | D:5      | Reached skill level 6 in Fighting
  5074 | D:5      | Found a radiant altar of Vehumet.
  5090 | D:5      | Found a blossoming altar of Fedhas.
  5115 | D:5      | 5115 ||| INVOKING Berserk.
  5554 | D:5      | 5554 ||| READING scroll labelled TOM JOED SUMAHU.
  5555 | D:5      | 5555 ||| READING scroll labelled GALEEH XEAMAGE.
  5556 | D:5      | 5556 ||| READING scroll labelled MULLIU VENA.
  5588 | D:6      | Noticed Pikel
  5593 | D:6      | 5593 ||| INVOKING Berserk.
  5600 | D:6      | Killed Pikel
  5601 | D:6      | Reached skill level 12 in Axes
  5604 | D:6      | Reached skill level 3 in Dodging
  5850 | D:6      | 5850 ||| Stepping ~*~*~tactically~*~*~ (hiding).
  5853 | D:6      | 5853 ||| Stepping ~*~*~tactically~*~*~ (hiding).
  5865 | D:6      | 5865 ||| INVOKING Berserk.
  5868 | D:6      | HP: 24/106 [gnoll/+0 spear[a gnoll sergeant] (3)]
  5873 | D:6      | HP: 11/106 [gnoll/+0 spear[a gnoll sergeant] (5)]
  6181 | D:6      | Found a staircase to the Ecumenical Temple.
  6182 | D:6      | 6182 ||| INVOKING Berserk.
  6185 | D:6      | Reached XP level 9. HP: 79/79 MP: 8/8
  6623 | D:6      | 6623 ||| Stepping ~*~*~tactically~*~*~ (hiding).
  6626 | D:6      | 6626 ||| INVOKING Berserk.
  6627 | D:6      | 6627 ||| INVOKING Berserk.
  6824 | D:6      | 6824 ||| UPGRADING to +0 pair of gloves.
  6829 | D:6      | 6829 ||| READING scroll of enchant armour.
  6829 | D:6      | 6829 ||| ENCHANTING +0 pair of gloves.
  6830 | D:6      | 6830 ||| READING 2 scrolls labelled ZEWEVI WACHA.
  6831 | D:6      | 6831 ||| DRINKING 2 amethyst potions.
  6832 | D:6      | 6832 ||| READING 3 scrolls of identify.
  6832 | D:6      | 6832 ||| IDENTIFYING silvery potion
  6833 | D:6      | 6833 ||| READING 2 scrolls of identify.
  6833 | D:6      | 6833 ||| IDENTIFYING viscous brown potion
  6834 | D:6      | 6834 ||| DROPPING scroll of fear.
  6835 | D:6      | 6835 ||| DROPPING potion of brilliance.
  6933 | D:7      | 6933 ||| DROPPING +3 mace of protection.
  7122 | D:7      | 7122 ||| INVOKING Berserk.
  7338 | D:7      | Reached skill level 13 in Axes
  7459 | D:7      | 7459 ||| READING scroll of enchant armour.
  7459 | D:7      | 7459 ||| ENCHANTING +1 pair of gloves.
  7482 | D:7      | 7482 ||| Stepping ~*~*~tactically~*~*~ (hiding).
  7484 | D:7      | 7484 ||| Stepping ~*~*~tactically~*~*~ (hiding).
  7487 | D:7      | 7487 ||| INVOKING Berserk.
  7638 | D:7      | 7638 ||| INVOKING Berserk.
  7879 | D:7      | Paralysed by a hornet for 3 turns
  7885 | D:7      | Reached skill level 3 in Throwing
  7892 | D:7      | 7892 ||| FLEEEEING.
  7893 | D:7      | 7893 ||| FLEEEEING.
  7894 | D:7      | 7894 ||| FLEEEEING.
  7898 | D:7      | 7898 ||| STAIRDANCE
  8036 | D:6      | 8036 ||| DROPPING scarf of shadows.
  8037 | D:6      | 8037 ||| UPGRADING to +0 plate armour.
  8047 | D:6      | 8047 ||| DROPPING +0 chain mail.
  8048 | D:6      | 8048 ||| UPGRADING to amulet of guardian spirit.
  8296 | D:8      | Reached skill level 6 in Armour
  8336 | D:8      | 8336 ||| Stepping ~*~*~tactically~*~*~ (hiding).
  8337 | D:8      | 8337 ||| Stepping ~*~*~tactically~*~*~ (hiding).
  8395 | D:8      | 8395 ||| Stepping ~*~*~tactically~*~*~ (stealth).
  8398 | D:8      | 8398 ||| FLEEEEING.
  8490 | D:8      | 8490 ||| DROPPING +0 flail.
  8503 | D:8      | 8503 ||| Stepping ~*~*~tactically~*~*~ (water).
  8507 | D:8      | Reached *** piety under Trog
  8924 | D:8      | 8924 ||| Stepping ~*~*~tactically~*~*~ (hiding).
  8926 | D:8      | 8926 ||| Stepping ~*~*~tactically~*~*~ (hiding).
  8930 | D:8      | 8930 ||| Stepping ~*~*~tactically~*~*~ (hiding).
  8931 | D:8      | 8931 ||| Stepping ~*~*~tactically~*~*~ (hiding).
  8937 | D:8      | 8937 ||| INVOKING Berserk.
  9085 | D:8      | Found Bytohuqi's Neck Hole.
  9093 | D:8      | 9093 ||| BUYING +0 cloak (58 gold).
  9093 | D:8      | Bought a +0 cloak for 58 gold pieces
  9093 | D:8      | 9093 ||| SHOPLISTING amulet of reflection (390 gold, have
                  | 258).
  9093 | D:8      | 9093 ||| BUYING scarf of repulsion (156 gold).
  9093 | D:8      | Bought a scarf of repulsion for 156 gold pieces
  9166 | D:8      | 9166 ||| UPGRADING to +0 cloak.
  9171 | D:8      | 9171 ||| UPGRADING to scarf of repulsion.
  9181 | D:8      | 9181 ||| READING scroll labelled NAGHARI NYHIRE.
  9182 | D:8      | 9182 ||| READING 2 scrolls of identify.
  9182 | D:8      | 9182 ||| IDENTIFYING fizzy clear potion
  9183 | D:8      | 9183 ||| DROPPING potion of berserk rage.
  9225 | D:9      | Noticed Harold
  9230 | D:9      | 9230 ||| INVOKING Berserk.
  9233 | D:9      | Reached XP level 10. HP: 67/88 MP: 5/9
  9237 | D:9      | Killed Harold
  9238 | D:9      | Reached skill level 14 in Axes
  9238 | D:9      | HP: 33/132 [poisoned by a killer bee]
  9244 | D:9      | HP: 28/132 [poisoned by a killer bee]
  9249 | D:9      | HP: 16/88 [poisoned by a killer bee]
  9563 | D:9      | 9563 ||| Stepping ~*~*~tactically~*~*~ (hiding).
  9567 | D:9      | 9567 ||| Stepping ~*~*~tactically~*~*~ (hiding).
  9568 | D:9      | 9568 ||| Stepping ~*~*~tactically~*~*~ (hiding).
  9656 | D:9      | 9656 ||| READING 2 scrolls of teleportation.
  9746 | D:9      | 9746 ||| SWAPPING to +1 war axe.
  9747 | D:9      | 9747 ||| DROPPING +0 vorpal war axe.
  9754 | D:9      | Found a staircase to the Lair.
  9805 | D:9      | 9805 ||| Stepping ~*~*~tactically~*~*~ (stealth).
  9902 | D:9      | You fall into a shaft and drop 2 floors!
  9989 | D:11     | Noticed a red ugly thing
 10002 | D:11     | 10002 ||| INVOKING Berserk.
 10002 | D:11     | HP: 23/132 [red ugly thing (14)]
 10003 | D:11     | Killed a red ugly thing
 10003 | D:11     | HP: 7/132 [vampire/vampiric draining (16)]
 10005 | D:11     | Slain by a vampire

Levels and vault maps discovered:
D:1:      dpeg_arrival_tiny_c, layout_basic, serial_curves, eino_curves_04,
          eino_curves_04, dreamdust_ecumenical_altar_grove,
          chequers_serial_rivers_marsh
D:2:      layout_loops_ring, amcnicky_mini_pool_small, minmay_close_crescents
D:3:      layout_basic, serial_shops, shop, minmay_misc_feat_chi,
          grunt_ministairs_3, minmay_misc_feat_enclosed, minmay_unequal,
          uniq_terence
D:4:      layout_loops_ring, mainiacjoe_overflow_alcove_1,
          minmay_large_rounded_square
D:5:      layout_basic, mainiacjoe_overflow_large_starburst, serial_rivers,
          chequers_serial_rivers_small_b, chequers_serial_rivers_marsh,
          chequers_serial_rivers_micro_e, chequers_serial_rivers_large_a,
          chequers_serial_rivers_small_a, minmay_misc_feat_hallway,
          kennysheep_generic_room_13, uniq_grinder, uniq_blork_the_orc
D:6:      layout_rooms, temple_green, kennysheep_opposing_triangles, uniq_pikel
D:7:      layout_loops_corners
D:8:      layout_basic, nicolae_shop_sticking_my_neck_out
D:9:      layout_cave_pods, lair_entry_dummy, ebering_ghost_xom,
          lemuel_flamethrower_2, uniq_erica, uniq_harold, uniq_erolcha
D:11:     layout_loops_corners

Skill      XL: |  1  2  3  4  5  6  7  8  9 10 |
---------------+-------------------------------+-----
Axes           | 4 5 6 7 8 9 10 12 13 14 | 14.9
Fighting       | 4 5 7 8 |  8.0
Throwing       | 2 3 |  3.9
Armour         | 3 4 6 7 |  7.0
Dodging        | 3 4 |  4.2

Action                   |  1- 3 |  4- 6 |  7- 9 | 10-12 || total
-------------------------+-------+-------+-------+-------++-------
Melee: Hand axe          |    87 |    53 |       |       ||   140
       Headbutt          |     7 |    18 |    25 |    16 ||    66
       War axe           |       |    55 |   153 |    69 ||   277
       Punch             |       |       |     2 |     2 ||     4
Throw: Javelin           |       |       |    37 |    13 ||    50
       Boomerang         |       |       |       |     5 ||     5
Invok: Berserk           |     1 |     5 |    13 |     1 ||    20
       Trog's Hand       |       |     1 |       |       ||     1
  Use: Potion            |     2 |     3 |     1 |       ||     6
       Scroll            |     3 |     5 |    10 |     1 ||    19
Armor: Animal skin       |    15 |       |       |       ||    15
       Chain mail        |    14 |    37 |    44 |       ||    95
       Plate armour      |       |       |    35 |    24 ||    59
Dodge: Dodged            |    43 |    36 |    61 |    17 ||   157

Table legend:
 A = Non-vault XP
 B = Vault XP
 C = Vault XP percentage of total XP
 D = Non-vault monster count
 E = Vault monster count
 F = Vault count percentage of total count
                 A         B        C        D         E       F
            +---------+---------+-------+---------+---------+-------
      Total |    6010 |    2127 |  26.1 |     161 |      17 |   9.6
            +---------+---------+-------+---------+---------+-------
        D:1 |      25 |       0 |   0.0 |      17 |       0 |   0.0
        D:2 |      32 |       5 |  13.5 |      16 |       3 |  15.8
        D:3 |      50 |      55 |  52.4 |      16 |       6 |  27.3
        D:4 |     129 |       0 |   0.0 |      18 |       0 |   0.0
        D:5 |    1044 |     363 |  25.8 |      17 |       2 |  10.5
        D:6 |     794 |     826 |  51.0 |      20 |       5 |  20.0
        D:7 |    1010 |       0 |   0.0 |      14 |       0 |   0.0
        D:8 |    1078 |       0 |   0.0 |      19 |       0 |   0.0
        D:9 |    1292 |     878 |  40.5 |      23 |       1 |   4.2
       D:11 |     556 |       0 |   0.0 |       1 |       0 |   0.0
            +---------+---------+-------+---------+---------+-------
